 Dungeon Crawl Stone Soup version 0.29-a0-103-g37f86683bf (webtiles) character file.

Game seed: 11003892002990505154

7 siradein the Skirmisher (level 2, -3/24 HPs)
             Began as a Vine Stalker Berserker on Feb 15, 2022.
             Was a Follower of Trog.
             Slain by a gnoll (4 damage)
             ... on level 2 of the Dungeon.
             The game lasted 00:00:39 (272 turns).

siradein the Skirmisher (Vine Stalker Berserker)     Turns: 272, Time: 00:00:41

Health: -3/24      AC:  6    Str: 19    XL:     2   Next: 0%
Magic:  0/3        EV: 11    Int:  7    God:    Trog [*.....]
Gold:   1          SH:  0    Dex: 13    Spells: 1/1 levels left

rFire   . . .      SeeInvis .   a - +0 mace
rCold   . . .      Faith    .   (no shield)
rNeg    . . .      Spirit   +   c - +0 ring mail
rPois   .          Reflect  .   (no helmet)
rElec   .          Harm     .   (no cloak)
rCorr   .          Rampage  .   b - +0 pair of gloves
Will    .....                   (no boots)
Stlth   ..........              (no amulet)
HPRegen 0.08/turn               (no ring)
MPRegen 0.08/turn               (no ring)

@: berserking, lethally poisoned (-3 -> -13), very quick
A: fangs 2, magic shield, antimagic bite, no potion heal 2
a: Renounce Religion, Berserk


You were on level 2 of the Dungeon.
You worshipped Trog.
Trog was aware of your devotion.
You visited 1 branch of the dungeon, and saw 2 of its levels.

You collected 1 gold pieces.

Inventory:

Hand Weapons
 a - a +0 mace (weapon)
Armour
 b - a +0 pair of gloves (worn)
 c - a +0 ring mail (worn)


   Skills:
 + Level 2.8 Fighting
 + Level 2.8 Maces & Flails
 + Level 1.7 Armour
 + Level 1.7 Dodging


You had one spell level left.
You didn't know any spells.
Your spell library was empty.

Dungeon Overview and Level Annotations

Branches:
Dungeon (1/15)

Altars:
Xom


Innate Abilities, Weirdness & Mutations

You have extremely sharp teeth.
When hurt, damage is shared between your health and your magic reserves.
Your bite disrupts and absorbs the magic of your enemies.
Potions cannot restore your health.


Message History

You finish putting on your +0 pair of gloves.
You see here a +0 falchion. 2 gnolls come into view.
A gnoll is wielding a +2 spear of venom.
The gnoll shouts!
There are monsters nearby!
There are monsters nearby!
There are monsters nearby!
A ball python comes into view.
The ball python moves out of view.
A goblin comes into view. It is wielding a +0 dagger.
The goblin shouts!
You closely miss the goblin. You punch the goblin.
The goblin is heavily wounded.
The goblin hits you with a +0 dagger. x2
You hit the goblin but do no damage. Your bite misses the goblin.
The goblin is heavily wounded.
The gnoll hits you from afar with a +2 spear of venom.
You are poisoned.
The goblin hits you with a +0 dagger.
A red film seems to cover your vision as you go berserk!
You feel yourself moving faster!
You feel mighty!
You feel sick.
The gnoll hits you from afar with a +2 spear of venom.
You are lethally poisoned!
The goblin completely misses you.
You feel a strong urge to attack something.
* * * LOW HITPOINT WARNING * * *
You feel very sick. The gnoll misses you.
You closely miss the gnoll. Your bite misses the gnoll.
* * * LOW HITPOINT WARNING * * *
You feel very sick. The gnoll closely misses you.
You sock the gnoll! Your bite misses the gnoll.
The gnoll is severely wounded.
* * * LOW HITPOINT WARNING * * *
You feel very sick. The gnoll hits you but does no damage.
The goblin hits you but does no damage.
The gnoll hits you from afar with a +0 spear.
You die...

### ##.# ##### ##.#.
########...# ####.###
####.>......#.####...## #
######.......#####......##.###
#....).......# ##.........#.
#....##.._..#######.#####..#.#
#...........g@gg....# #..###
#............######## #.....
#...#.##.##### #.####
#.....##..# ####g####
#.........# #.......g
#.....###.# #.######.
##..#.##.## # #. ##.#.#.## #.
#......# #.


You could see 2 gnolls and a goblin.

Vanquished Creatures
  2 endoplasms (D:1)
  A giant cockroach (D:1)
  A goblin (D:2)
  A hobgoblin (D:2)
5 creatures vanquished.

Notes
Turn   | Place    | Note
-------+----------+-------------------------------------------
     0 | D:1      | siradein the Vine Stalker Berserker began the quest for the
                  | Orb.
     0 | D:1      | Reached XP level 1. HP: 11/11 MP: 2/2
   139 | D:1      | You fall into a shaft and drop 1 floor!
   157 | D:2      | Reached XP level 2. HP: 16/16 MP: 3/3
   167 | D:2      | Found a shimmering altar of Xom.
   272 | D:2      | HP: 1/24 [poisoned by a gnoll]
   272 | D:2      | Slain by a gnoll

Illustrated notes

Levels and vault maps discovered:
D:1:      scummos_arrival_checkerplants, layout_loops_ring, serial_bayou_pond_b
D:2:      layout_loops_ring, basic_altar

Action                   || total
-------------------------++-------
Melee: Mace              ||    15
       Bite              ||     2
       Punch             ||     2
Invok: Berserk           ||     1
Armor: Ring mail         ||     4
       Animal skin       ||     2
Dodge: Dodged            ||    10

Table legend: (Time is in decaauts)
 A = Elapsed time spent in this place.
 B = Non-inter-level travel time spent in this place.
 C = Inter-level travel time spent in this place.
 D = Time resting spent in this place.
 E = Time spent auto-exploring this place.
 F = Levels seen in this place.
 G = Mean time per level.
                   A        B        C        D        E       F      G
               +--------+--------+--------+--------+--------+-----+--------+
         Total |    274 |    274 |      0 |      0 |    190 |   2 |  137.0 |
       Dungeon |    274 |    274 |      0 |      0 |    190 |   2 |  137.0 |
               +--------+--------+--------+--------+--------+-----+--------+

Top non-repeatable levels by time:
     D:1: 141 daAuts
     D:2: 133 daAuts
